 Dungeon Crawl Stone Soup version 0.23-a0-635-g88ca12a (webtiles) character file.

66 Lilu the Magician (level 3, -4/19 HPs)
             Began as a Deep Elf Wizard on Dec 27, 2018.
             Was an Initiate of Sif Muna.
             Slain by a hobgoblin
             ... wielding a +0 club
              (6 damage)
             ... on level 3 of the Dungeon.
             The game lasted 00:09:46 (2569 turns).

Lilu the Magician (Deep Elf Wizard)                 Turns: 2569, Time: 00:09:46

Health: -4/19      AC:  4    Str:  5    XL:     3   Next: 96%
Magic:  1/11       EV: 12    Int: 22    God:    Sif Muna [......]
Gold:   146        SH:  0    Dex: 13    Spells: 7/12 levels left

rFire    . . .     SeeInvis .   q - +0 dagger
rCold    . . .     Gourm    .   (no shield)
rNeg     . . .     Faith    .   g - +0 leather armour
rPois    .         Spirit   .   f - +0 helmet
rElec    .         Reflect  .   (no cloak)
rCorr    .         Harm     .   (no gloves)
MR       .....                  (no boots)
Stlth    ++........             (no amulet)
HPRegen  0.06/turn              (no ring)
MPRegen  0.12/turn              (no ring)

@: no status effects
A: no striking features
a: Renounce Religion


You were on level 3 of the Dungeon.
You worshipped Sif Muna.
Sif Muna was noncommittal.
You were not hungry.

You visited 1 branch of the dungeon, and saw 3 of its levels.

You collected 146 gold pieces.

Inventory:

Hand Weapons
 a - a +0 mace
 q - a +0 dagger (weapon)
Missiles
 i - a throwing net (quivered)
 k - 28 poisoned needles
 l - 38 arrows
 m - 73 stones
 u - 23 sling bullets
Armour
 b - a +0 buckler
 f - a +0 helmet (worn)
 g - a +0 leather armour (worn)
Scrolls
 c - a scroll of blinking {unknown}
 e - 2 scrolls of remove curse {unknown}
 n - 3 scrolls of identify {unknown}
 o - a scroll of teleportation {unknown}
 r - a scroll of magic mapping {unknown}
 v - a scroll of amnesia {unknown}
Potions
 h - a potion of lignification {unknown}
 j - a potion of degeneration {unknown}
 p - 2 potions of heal wounds {unknown}
 t - a potion of brilliance {unknown}
Comestibles
 d - 6 rations
 s - a chunk of flesh


   Skills:
 + Level 0.2 Fighting
 + Level 3.2 Dodging
 - Level 2.4 Stealth
 + Level 0.3 Shields
 + Level 5.0 Spellcasting
 + Level 2.2 Conjurations
 + Level 1.6 Summonings
 + Level 1.6 Translocations


You had 7 spell levels left.
You knew the following spells:

 Your Spells              Type           Power        Failure   Level  Hunger
a - Magic Dart            Conj           ###.         7%          1    None
b - Blink                 Tloc           N/A          13%         2    None
c - Call Imp              Summ           ##......     13%         2    None

Your spell library contained the following spells:

 Spells                   Type           Power        Failure   Level  Hunger
 Slow                     Hex            #.......     26%         2    None
 Conjure Flame            Conj/Fire      ##......     32%         3    ##.....
 Mephitic Cloud           Conj/Pois/Air  #.......     36%         3    ##.....


Dungeon Overview and Level Annotations

Branches:
Dungeon (3/15)

Altars:
Gozag
Nemelex Xobeh
Okawaru
Qazlal
Ru
Sif Muna
Xom

Annotations:
D:1 exclusion: 4 doors


Message History

The bat completely misses you.
Casting: Call Imp (safe; 13% risk of failure)
Confirm with . or Enter, or press ? or * to list all spells.
A beastly little devil appears in a puff of frigid air.
The bat misses you. The giant cockroach misses you. The hobgoblin misses you.
The giant cockroach misses you.
You swap places.
The bat barely misses you.
The hobgoblin completely misses your white imp.
Your white imp hits the giant cockroach.
Your white imp freezes the giant cockroach.
The bat barely misses you.
The hobgoblin hits your white imp with a +0 club.
The giant cockroach bites your white imp.
The bat hits your white imp but does no damage.
Your white imp barely misses the giant cockroach.
Some of the chunks of flesh in your inventory have rotted away.
The bat hits you but does no damage.
The giant cockroach barely misses your white imp.
The hobgoblin hits you with a +0 club.
You die...

####### ##.....##
#.......# ###.......#
#.'...⌠...+
#.#...g.g.#....
#.#...5.b@##..# #
#.##..s..###..# .#
#.######## #..# ##.##
#...#...# #..## ....
###.#...#
##...####.#.#
#.#.>.###.........#.#
#.....<.............#
###...†......<##..###
#.#.####...###..#


You could see a giant cockroach, 2 hobgoblins, a bat and a friendly white imp.

Vanquished Creatures
  Jessica (D:2)
  2 worms (D:2)
  3 orcs (D:3)
  4 bats
  3 giant cockroaches
  5 goblins
  3 hobgoblins (D:2)
  5 frilled lizards (D:2)
  6 kobolds
  3 rats
35 creatures vanquished.

Vanquished Creatures (collateral kills)
  An adder (D:3)
  A giant cockroach (D:3)
  A kobold (D:3)
3 creatures vanquished.

Grand Total: 38 creatures vanquished

Notes
Turn   | Place    | Note
-------+----------+-------------------------------------------
     0 | D:1      | Lilu the Deep Elf Wizard began the quest for the Orb.
     0 | D:1      | Reached XP level 1. HP: 10/10 MP: 7/7
   677 | D:1      | Reached XP level 2. HP: 15/15 MP: 7/9
   686 | D:1      | Learned a level 2 spell: Blink
   689 | D:1      | Learned a level 2 spell: Call Imp
  1224 | D:2      | Noticed Jessica
  1267 | D:2      | Killed Jessica
  1267 | D:2      | Reached XP level 3. HP: 18/19 MP: 4/11
  1315 | D:2      | Found an opulent altar of Gozag.
  2331 | D:2      | Found a stormy altar of Qazlal.
  2336 | D:2      | Found a shimmering altar of Xom.
  2336 | D:2      | Found a sacrificial altar of Ru.
  2338 | D:2      | Found a sparkling altar of Nemelex Xobeh.
  2338 | D:2      | Found an iron altar of Okawaru.
  2338 | D:2      | Found a deep blue altar of Sif Muna.
  2344 | D:2      | Became a worshipper of Sif Muna the Loreminder
  2492 | D:3      | Reached skill level 5 in Spellcasting
  2569 | D:3      | Slain by a hobgoblin

Vault maps used:
D:1:      onia_arrival_pyramid
D:2:      minmay_inner_zag, grunt_gozag_breadcrumbs, grunt_temple_overflow_open,
          first_ration, uniq_jessica
D:3:      kennysheep_flooded_box

Skill      XL: |  1  2  3 |
---------------+----------+-----
Dodging        | 3 |  3.2
Conjurations   | 2 |  2.2
Spellcasting   | 5 |  5.0
Fighting       | |  0.2
Stealth        | |  2.4
Shields        | |  0.3
Summonings     | |  1.6
Translocations | |  1.6

Action                   || total
-------------------------++-------
Melee: Mace              ||    38
       Dagger            ||    19
 Cast: Magic Dart        ||    71
       Call Imp          ||    11
       Blink             ||     1
 Stab: Sleeping          ||     3
  Eat: Chunk             ||     5
Armor: Leather armour    ||    38
Dodge: Dodged            ||    83

Table legend:
 A = Non-vault XP
 B = Vault XP
 C = Vault XP percentage of total XP
 D = Non-vault monster count
 E = Vault monster count
 F = Vault count percentage of total count
                 A         B        C        D         E       F
            +---------+---------+-------+---------+---------+-------
      Total |      57 |      38 |  40.0 |      32 |       6 |  15.8
            +---------+---------+-------+---------+---------+-------
        D:1 |      13 |       0 |   0.0 |       8 |       0 |   0.0
        D:2 |      25 |      38 |  60.3 |      18 |       6 |  25.0
        D:3 |      19 |       0 |   0.0 |       6 |       0 |   0.0
            +---------+---------+-------+---------+---------+-------
